 Dungeon Crawl Stone Soup version 0.28.0-53-g5a82cb258f (webtiles) character file.

Game seed: 8765188133390192459

277 DearestLeader the Prestidigitator (level 6, -1/47 HPs)
             Began as a Gnoll Wanderer on June 7, 2022.
             Succumbed to Eustachio's poison
             ... on level 4 of the Dungeon.
             The game lasted 00:06:29 (5195 turns).

DearestLeader the Prestidigitator (Gnoll Wanderer)  Turns: 5195, Time: 00:06:30

Health: -1/47      AC:  5    Str: 14    XL:     6   Next: 26%
Magic:  8/8        EV: 11    Int:  7    God:
Gold:   175        SH:  0    Dex: 15    Spells: 8/8 levels left

rFire   . . .      SeeInvis +   a - +2 quarterstaff
rCold   . . .      Faith    .   (shield currently unavailable)
rNeg    . . .      Spirit   .   s - +0 ring mail
rPois   .          Reflect  .   (no helmet)
rElec   .          Harm     .   (no cloak)
rCorr   .          Rampage  .   (no gloves)
Will    .....                   (no boots)
Stlth   +.........              (no amulet)
HPRegen 0.15/turn               f - ring of see invisible
MPRegen 0.11/turn               (no ring)

@: lethally poisoned (-1 -> -8)
A: fangs 1, strong nose, distributed training
a: no special abilities


You were on level 4 of the Dungeon.
You visited 1 branch of the dungeon, and saw 4 of its levels.

You collected 175 gold pieces.

Inventory:

Hand Weapons
 a - a +2 quarterstaff (weapon)
 b - a +0 falchion
 j - a +0 short sword of draining
Armour
 g - a +0 plate armour
 s - a +0 ring mail (worn)
Magical Staves
 r - a staff of death
Jewellery
 f - a ring of see invisible (left hand)
Scrolls
 e - a scroll of blinking
 h - a scroll of identify
 k - a scroll of fog {unknown}
 l - 2 scrolls of magic mapping
 n - a scroll of enchant armour {unknown}
 o - a scroll of enchant weapon {unknown}
Potions
 d - a potion of mutation {unknown}
 i - a potion of might
 m - a potion of magic
 p - a potion of haste {unknown}
 q - a potion of curing
Miscellaneous
 c - a piece from Xom's chessboard (14/15) (quivered)


   Skills:
 + Level 3.2 Fighting
 + Level 1.9 Short Blades
 + Level 3.2 Long Blades
 + Level 1.9 Axes
 + Level 1.9 Maces & Flails
 + Level 1.9 Polearms
 + Level 6.8 Staves
 + Level 1.9 Slings
 + Level 1.9 Bows
 + Level 1.9 Crossbows
 + Level 1.9 Throwing
 + Level 3.2 Armour
 + Level 1.9 Dodging
 + Level 1.9 Stealth
 + Level 1.9 Shields
 + Level 1.9 Unarmed Combat
 + Level 1.9 Spellcasting
 + Level 1.5 Conjurations
 + Level 1.5 Hexes
 + Level 1.5 Summonings
 + Level 1.5 Necromancy
 + Level 1.5 Translocations
 + Level 1.5 Transmutations
 + Level 1.5 Fire Magic
 + Level 1.5 Ice Magic
 + Level 1.5 Air Magic
 + Level 1.5 Earth Magic
 + Level 1.5 Poison Magic
 + Level 2.1 Invocations
 + Level 8.7 Evocations


You had 8 spell levels left.
You didn't know any spells.
Your spell library contained the following spells:

 Spells                   Type           Power      Damage    Failure   Level
 Tukima's Dance           Hex            2%         N/A       77%         3
 Anguish                  Hex/Necr       1%         N/A       99%         4
 Passage of Golubria      Tloc           2%         N/A       99%         4
 Yara's Violent Unravell  Hex/Tmut       1%         3d3       100%        5
 Enfeeble                 Hex            1%         N/A       100%        7


Dungeon Overview and Level Annotations

Branches:
Dungeon (4/15)
 Temple: D:4-7

Altars:
Dithmenos

Annotations:
D:4 Eustachio


Innate Abilities, Weirdness & Mutations

You have very sharp teeth.
Your uncanny sense of smell can sniff out nearby items.
Your experience applies equally to all skills.


Message History

Eustachio completely misses you.
You barely miss Eustachio.
Eustachio is lightly wounded.
The white imp hits you but does no damage.
Eustachio hits you with a +3 rapier of venom.
You are poisoned.
You hit Eustachio but do no damage. Your bite misses Eustachio.
Eustachio is lightly wounded.
You feel sick.
The crimson imp hits you but does no damage.
The white imp hits you. The white imp freezes you.
Eustachio calls on the powers of shadow!
Eustachio hits you with a +3 rapier of venom!
You are more poisoned.
A centaur comes into view.
The iron imp barely misses you.
You barely miss Eustachio.
Eustachio is lightly wounded.
You feel very sick.
The crimson imp hits you but does no damage.
The white imp hits you. The white imp freezes you.
Eustachio mumbles some strange words.
Eustachio blinks!
You feel very sick. The crimson imp hits you. The white imp gestures at you.
The puff of frost hits you.
* * * LOW HITPOINT WARNING * * *
* * * LOW HITPOINT WARNING * * *
You feel sick.
The crimson imp blinks!
The white imp gestures at you. The puff of frost hits you!
* * * LOW HITPOINT WARNING * * *
Eustachio mumbles some strange words.
* * * LOW HITPOINT WARNING * * *
You feel sick.
The iron imp disappears for a moment.
Things that are here:
a +0 mace; a +2 ring mail of cold resistance; an orc corpse You die...

#. ##.# #. #.# ###.### #.#
##.#.....# #########.#
../?.r...########.........#
#@.............#######.#
#<....5..5.............#
#.....#)################
#.#.####@# ##.. #.# #.#.
#.. ∆ #.## #### ##


You could see an iron imp (summoned).

Vanquished Creatures
  An orc priest (D:3)
  A gnoll shaman (D:3)
  An orc wizard (D:3)
  A hound skeleton (D:4)
  5 gnolls
  An adder (D:3)
  An adder skeleton (D:3)
  2 worms
  2 dart slugs
  16 orcs
  7 ball pythons
  9 bats
  3 endoplasms
  2 giant cockroaches
  9 goblins
  11 hobgoblins
  2 jackals (D:4)
  4 kobolds
  5 quokkas
  5 frilled lizards
  6 rats
94 creatures vanquished.

Notes
Turn   | Place    | Note
-------+----------+-------------------------------------------
     0 | D:1      | DearestLeader the Gnoll Wanderer began the quest for the
                  | Orb.
     0 | D:1      | DearestLeader set off with the following items: a +2
                  | quarterstaff, a +0 falchion, a piece from Xom's chessboard
                  | (15/15), a +0 leather armour
     0 | D:1      | Reached XP level 1. HP: 17/17 MP: 1/1
    76 | D:1      | Reached XP level 2. HP: 23/23 MP: 2/2
   245 | D:1      | Found a faded altar of an unknown god.
   431 | D:1      | Reached XP level 3. HP: 28/28 MP: 3/3
   858 | D:1      | You fall into a shaft and drop 1 floor!
   874 | D:2      | Found a shadowy altar of Dithmenos.
   968 | D:2      | Reached skill level 1 in Invocations
  1525 | D:2      | Reached skill level 1 in Short Blades
  1525 | D:2      | Reached skill level 1 in Axes
  1525 | D:2      | Reached skill level 1 in Maces & Flails
  1525 | D:2      | Reached skill level 1 in Polearms
  1525 | D:2      | Reached skill level 1 in Slings
  1525 | D:2      | Reached skill level 1 in Bows
  1525 | D:2      | Reached skill level 1 in Crossbows
  1525 | D:2      | Reached skill level 1 in Throwing
  1525 | D:2      | Reached skill level 1 in Dodging
  1525 | D:2      | Reached skill level 1 in Stealth
  1525 | D:2      | Reached skill level 1 in Shields
  1525 | D:2      | Reached skill level 1 in Unarmed Combat
  1525 | D:2      | Reached skill level 1 in Spellcasting
  1745 | D:2      | Reached XP level 4. HP: 34/34 MP: 5/5
  2606 | D:3      | Reached skill level 1 in Conjurations
  2606 | D:3      | Reached skill level 1 in Hexes
  2606 | D:3      | Reached skill level 1 in Summonings
  2606 | D:3      | Reached skill level 1 in Necromancy
  2606 | D:3      | Reached skill level 1 in Translocations
  2606 | D:3      | Reached skill level 1 in Transmutations
  2606 | D:3      | Reached skill level 1 in Fire Magic
  2606 | D:3      | Reached skill level 1 in Ice Magic
  2606 | D:3      | Reached skill level 1 in Air Magic
  2606 | D:3      | Reached skill level 1 in Earth Magic
  2606 | D:3      | Reached skill level 1 in Poison Magic
  2621 | D:3      | Reached XP level 5. HP: 19/40 MP: 6/6
  4387 | D:3      | Reached XP level 6. HP: 27/47 MP: 8/8
  5180 | D:4      | Noticed Eustachio
  5194 | D:4      | HP: 1/47 [poisoned by Eustachio]
  5195 | D:4      | Succumbed to Eustachio's poison

Illustrated notes

Levels and vault maps discovered:
D:1:      mrwooster_arrival_arrow, layout_basic,
          hellmonk_ecumenical_altar_arch_garden, minmay_misc_feat_columns,
          serial_bayou_ford_a, grunt_decor_resistance, roderic_lattice_a,
          minmay_close_crescents
D:2:      layout_basic, basic_altar
D:3:      minmay_skewed_foursquare, layout_basic, hangedman_feature_mirror,
          chequers_serial_rivers_small_b, kennysheep_generic_room_9
D:4:      layout_loops_ring, serial_shops, nicolae_shop_statue_plus,
          uniq_eustachio, uniq_natasha

Skill      XL: |  1  2  3  4  5 |
---------------+----------------+-----
Invocations    | 1 2 |  2.1
Short Blades   | 1 |  1.9
Axes           | 1 |  1.9
Maces & Flails | 1 |  1.9
Polearms       | 1 |  1.9
Slings         | 1 |  1.9
Bows           | 1 |  1.9
Crossbows      | 1 |  1.9
Throwing       | 1 |  1.9
Dodging        | 1 |  1.9
Stealth        | 1 |  1.9
Shields        | 1 |  1.9
Unarmed Combat | 1 |  1.9
Spellcasting   | 1 |  1.9
Conjurations   | 1 |  1.5
Hexes          | 1 |  1.5
Summonings     | 1 |  1.5
Necromancy     | 1 |  1.5
Translocations | 1 |  1.5
Transmutations | 1 |  1.5
Fire Magic     | 1 |  1.5
Ice Magic      | 1 |  1.5
Air Magic      | 1 |  1.5
Earth Magic    | 1 |  1.5
Poison Magic   | 1 |  1.5
Fighting       | 3 |  3.2
Long Blades    | 3 |  3.2
Armour         | 3 |  3.2
Staves         | |  6.8
Evocations     | |  8.7

Action                   |  1- 3 |  4- 6 || total
-------------------------+-------+-------++-------
Melee: Quarterstaff      |    94 |   138 ||   232
       Bite              |     7 |    19 ||    26
Evoke: Piece from Xom's  |       |     1 ||     1
  Use: Scroll            |       |     4 ||     4
       Potion            |       |     1 ||     1
 Stab: Sleeping          |     3 |     1 ||     4
Armor: Leather armour    |    43 |    15 ||    58
       Ring mail         |       |    10 ||    10
Dodge: Dodged            |    47 |    68 ||   115
